 Dungeon Crawl Stone Soup version 0.30-a0-779-g7971cf19c3 (webtiles) character file.

Game seed: 7633542880063637754

47 jimonade the Sneak (level 3, -7/18 HPs)
             Began as a Vine Stalker Brigand on Feb 17, 2023.
             Killed from afar by an orc wizard (9 damage)
             ... with a puff of flame
             ... on level 3 of the Dungeon.
             The game lasted 00:02:27 (1682 turns).

jimonade the Sneak (Vine Stalker Brigand)           Turns: 1682, Time: 00:02:28

Health: -7/18      AC:  3    Str: 13    XL:     3   Next: 70%
Magic:  0/4        EV: 11    Int: 13    God:
Gold:   110        SH:  0    Dex: 15    Spells: 2/2 levels left

rFire   . . .      SeeInvis .    a - +2 dagger
rCold   . . .      Faith    .    (no shield)
rNeg    . . .      Spirit   +    p - +0 robe
rPois   .          Reflect  .    (no helmet)
rElec   .          Harm     .    c - +0 cloak
rCorr   .          Rampage  .    (no gloves)
Will    .....                    (no boots)
Stlth   +++                      (no amulet)
HPRegen 0.23/turn                (no ring)
MPRegen 0.09/turn                (no ring)

@: no status effects
A: fangs 2, magic shield, antimagic bite, no potion heal 2
a: no special abilities


You were on level 3 of the Dungeon.
You visited 1 branch of the dungeon, and saw 3 of its levels.

You collected 110 gold pieces.

Inventory:

Hand Weapons
 a - a +2 dagger (weapon)
 b - a +1 sling of flaming
Missiles
 d - 9 poisoned darts (quivered)
 e - 3 curare-tipped darts
 g - 35 stones
Armour
 c - a +0 cloak (worn)
 i - a +0 leather armour
 m - a +0 ring mail
 p - a +0 robe (worn)
Scrolls
 f - 3 scrolls of identify {unknown}
 j - 4 scrolls of enchant armour {unknown}
 k - 2 scrolls of amnesia {unknown}
 o - a scroll of silence {unknown}
Potions
 h - 2 potions of might {unknown}
 l - a potion of lignification {unknown}
 n - a potion of curing {unknown}


   Skills:
 + Level 1.9 Fighting
 * Level 2.3 Short Blades
 + Level 1.7 Throwing
 + Level 0.7 Dodging
 + Level 6.0 Stealth


You had 2 spell levels left.
You didn't know any spells.
Your spell library contained the following spells:

 Spells                   Type           Power      Damage    Failure   Level
 Sting                    Tmut/Pois      0%         1d3       30%         1
 Cigotuvi's Dreadful Rot  Necr/Pois/Air  0%         N/A       43%         2
 Poisonous Vapours        Pois/Air       0%         N/A       43%         2
 Dispel Undead            Necr           0%         3d6       97%         4
 Olgreb's Toxic Radiance  Pois           0%         N/A       97%         4
 Death Channel            Necr           0%         N/A       100%        6


Dungeon Overview and Level Annotations

Branches:
Dungeon (3/15)

Altars:


Innate Abilities, Weirdness & Mutations

You have extremely sharp teeth.
When hurt, damage is shared between your health and your magic reserves.
Your bite disrupts and absorbs the magic of your enemies.
Potions cannot restore your health.


Message History

There is a stone staircase leading up here.
An orc wizard comes into view. It is wielding a +0 dagger.
The orc wizard shouts!
You hear a shout!
An orc comes into view. It is wielding a +0 whip.
An orc comes into view. It is wielding a +0 short sword.
Found a stone staircase leading down.
The orc moves out of view.
An orc wizard comes into view. It is wielding a +0 dagger.
An orc comes into view. It is wielding a +0 mace.
The orc wizard hits you but does no damage.
You barely miss the orc wizard.
The orc shouts!
You hit the orc wizard but do no damage.
The orc wizard gestures at you while chanting.
The magic dart hits you!
You barely miss the orc wizard. The orc wizard misses you.
An orc comes into view. It is wielding a +0 short sword.
The orc shouts! x2
You hit the orc wizard but do no damage.
The orc wizard hits you with a +0 dagger.
You are too injured to fight recklessly!
You are too injured to fight recklessly!
You are too injured to fight recklessly!
You are too injured to fight recklessly!
You are too injured to fight recklessly!
You are too injured to fight recklessly!
You are too injured to fight recklessly!
You closely miss the orc wizard. The orc wizard misses you.
You barely miss the orc wizard. Your bite misses the orc wizard.
The orc wizard gestures at you while chanting.
The puff of flame hits you!
* * * LOW HITPOINT WARNING * * *
You hit the orc wizard. Your bite misses the orc wizard.
The orc wizard is lightly wounded.
The orc wizard barely misses you.
You closely miss the orc wizard.
The orc wizard is lightly wounded.
The orc wizard gestures at you while chanting.
The puff of flame hits you!
Ouch! That really hurt!
You die...

### ######.###
#........#
.##########.####.###
..>oooo@......##.#
.#.o#######.#.##.#
#.#.#<.# #.# ####
#.# #.# #.# #.#


You could see an orc wizard and 4 orcs.

Vanquished Creatures
  An adder (D:2)
  A dart slug (D:1)
  5 ball pythons (D:1)
  4 endoplasms (D:2)
  A goblin (D:1)
  3 hobgoblins
  6 jackals (D:1)
  3 frilled lizards
  4 kobolds
  7 rats
35 creatures vanquished.

Vanquished Creatures (others)
  A plant (D:2)
1 creature vanquished.

Grand Total: 36 creatures vanquished

Notes
Turn   | Place    | Note
-------+----------+-------------------------------------------
     0 | D:1      | jimonade the Vine Stalker Brigand began the quest for the
                  | Orb.
     0 | D:1      | Reached XP level 1. HP: 11/11 MP: 2/2
    51 | D:1      | Reached skill level 5 in Stealth
   121 | D:1      | Reached XP level 2. HP: 15/15 MP: 3/3
   689 | D:1      | Reached XP level 3. HP: 18/18 MP: 4/4
  1074 | D:2      | Reached skill level 6 in Stealth
  1682 | D:3      | Killed from afar by an orc wizard

Illustrated notes

Levels and vault maps discovered:
D:1:      nzn_arrival_settlement, layout_basic
D:2:      minmay_wonky_spiral, layout_loops_ring,
          shapermc_ecumenical_altar_mp_urbaneastern, minmay_tree_intersection
D:3:      layout_basic, mainiacjoe_overflow_surrounded_room, uniq_terence,
          uniq_natasha

Skill      XL: |  1  2  3 |
---------------+----------+-----
Stealth        | 5 6 |  6.0
Short Blades   | 2 |  2.3
Fighting       | |  1.9
Throwing       | |  1.7
Dodging        | |  0.7

Action                     || total
---------------------------++-------
  Melee: Dagger            ||    83
         Bite              ||     6
         Punch             ||     1
   Stab: Sleeping          ||    17
 Armour: Robe              ||     8
  Dodge: Dodged            ||    35

Table legend: (Time is in decaauts)
 A = Elapsed time spent in this place.
 B = Non-inter-level travel time spent in this place.
 C = Inter-level travel time spent in this place.
 D = Time resting spent in this place.
 E = Time spent auto-exploring this place.
 F = Levels seen in this place.
 G = Mean time per level.
                   A        B        C        D        E       F      G
               +--------+--------+--------+--------+--------+-----+--------+
         Total |   1672 |   1624 |     48 |      0 |   1323 |   3 |  557.3 |
       Dungeon |   1672 |   1624 |     48 |      0 |   1323 |   3 |  557.3 |
               +--------+--------+--------+--------+--------+-----+--------+

Top non-repeatable levels by time:
     D:1: 921 daAuts
     D:2: 727 daAuts
     D:3: 23 daAuts
